[Event "Titled Tuesday Blitz May 9 Early 2023"]
[White "Sanchez, Robert"]
[Black "Vaglio Munoz, Jaime"]
[WhiteFideId "2034360"]
[BlackFideId "6500145"]
[WhiteElo "1877"]
[BlackElo "2199"]
[Result "0-1"]
[Round "08"]
[TimeControl "180+2"]
[Date "2023.05.09"]
[WhiteClock "0:00:12"]
[BlackClock "0:00:20"]

1. e4 c5 2. Nf3 Qa5 3. Nc3 a6 4. d4 b5 5. dxc5 e6 6. Bd3 b4 7. Ne2 Bxc5 8. O-O Bb7 9. Ng3 Nf6 10. e5 Nd5 11. Nh5 g6 12. Ng3 h5 13. Ne4 Be7 14. Bd2 Qc7 15. Re1 Nc6 16. Rc1 Nxe5 17. Nxe5 Qxe5 18. Nc5 Qc7 19. Nxb7 Qxb7 20. Be4 Qb5 21. c4 bxc3 22. bxc3 Rc8 23. Qf3 Nf6 24. Bd3 Qc6 25. Qe2 Ra8 26. c4 O-O 27. Bc3 Rac8 28. h3 Qc5 29. Qb2 Rb8 30. Qa1 Ne8 31. Bd4 Qg5 32. c5 Bf6 33. Bxa6 Ra8 34. Bc4 Bxd4 35. Qxd4 Nf6 36. Bb3 Rac8 37. Rc3 h4 38. Re5 Qh6 39. Re2 g5 40. Rf3 Kg7 41. Re5 d5 42. Rxf6 Kxf6 43. Rxd5+ Kg6 44. Bc2+ f5 45. Rd6 Kh5 46. Bd1+ g4 47. hxg4+ Kg5 48. Qe3+ f4 49. Qe5+ Kg6 0-1


[Site "https://www.chess.com"]

[Event "Titled Tuesday Blitz May 9 Early 2023"]
[White "Lwanga, Aguda"]
[Black "Fernandez Siles, Luis"]
[WhiteFideId "10801529"]
[BlackFideId "2209420"]
[WhiteElo "1475"]
[BlackElo "2195"]
[Result "0-1"]
[Round "08"]
[TimeControl "180+2"]
[Date "2023.05.09"]
[WhiteClock "0:00:05"]
[BlackClock "0:00:25"]

1. e4 c5 2. Nf3 Nc6 3. Bb5 g6 4. Bxc6 dxc6 5. O-O Bg7 6. d3 Nf6 7. Nbd2 O-O 8. Rb1 Nd7 9. b3 e5 10. a4 Re8 11. Bb2 Nf8 12. Nc4 f6 13. Re1 Ne6 14. h3 Nf4 15. Bc1 Ne6 16. Bb2 Kh8 17. Ne3 Nf4 18. Qd2 Be6 19. b4 cxb4 20. Qxb4 Qd7 21. Rbd1 Bxh3 22. Nh2 Be6 23. d4 exd4 24. Bxd4 Qe7 25. Bc5 Qf7 26. Bd6 Bh6 27. e5 Nd5 28. Nxd5 Bxd5 29. exf6 Qxf6 30. Ng4 Qg5 31. Nxh6 Qxg2# 0-1


[Site "https://www.chess.com"]

[Event "Titled Tuesday Blitz May 9 Early 2023"]
[White "Floresvillar Gonzalez, Luis Migu"]
[Black "Marcziter, Dmitrii"]
[WhiteFideId "5100542"]
[BlackFideId "13900765"]
[WhiteElo "2040"]
[BlackElo "2162"]
[Result "0-1"]
[Round "08"]
[TimeControl "180+2"]
[Date "2023.05.09"]
[WhiteClock "0:00:00"]
[BlackClock "0:01:24"]

1. e4 c5 2. d4 cxd4 3. c3 dxc3 4. Nxc3 Nc6 5. Nf3 e6 6. Bc4 a6 7. Qe2 Qc7 8. O-O Bd6 9. Bg5 f6 10. Bh4 Nge7 11. Rac1 Qb8 12. Rfd1 Ne5 13. Nxe5 Bxe5 14. Bg3 O-O 15. Qg4 Ng6 16. Bb3 b5 17. h4 Bxg3 18. fxg3 Ne5 19. Qh5 Qb6+ 20. Kh2 Bb7 21. Rd2 Rad8 22. Rcd1 Bc6 23. a3 Qe3 24. Re2 Qb6 25. g4 Qc7 26. Kh3 a5 27. g5 f5 28. exf5 Rxf5 29. Ne4 Ng6 30. Qg4 Nf4+ 0-1


[Site "https://www.chess.com"]

[Event "Titled Tuesday Blitz May 9 Early 2023"]
[White "Rodriguez Santiago, Jaime"]
[Black "Aung Thant Zin"]
[WhiteFideId "3100898"]
[BlackFideId "13000063"]
[WhiteElo "2025"]
[BlackElo "2278"]
[Result "1-0"]
[Round "08"]
[TimeControl "180+2"]
[Date "2023.05.09"]
[WhiteClock "0:01:23"]
[BlackClock "0:00:00"]

1. c4 e5 2. Nc3 Nf6 3. g3 d5 4. cxd5 Nxd5 5. Bg2 Nb6 6. e3 Be7 7. Nge2 O-O 8. O-O c6 9. f4 exf4 10. Nxf4 Bf5 11. b3 N8d7 12. Bb2 Nf6 13. Qe2 Qd7 14. h3 Rad8 15. Rad1 Bd3 16. Nxd3 Qxd3 17. Qe1 Qc2 18. Ba1 Rfe8 19. Rf2 Qd3 20. Kh2 Nbd5 21. Nxd5 Nxd5 22. Bf1 Qg6 23. d4 Bd6 24. Rf3 h5 25. Bd3 Qg5 26. e4 h4 27. e5 Nb4 28. Bb1 f6 29. gxh4 1-0


[Site "https://www.chess.com"]

[Event "Titled Tuesday Blitz May 9 Early 2023"]
[White "Ankudinova, Yelena"]
[Black "Ismayilova, Khanim"]
[WhiteFideId "13702114"]
[BlackFideId "13429019"]
[WhiteElo "1937"]
[BlackElo "1633"]
[Result "0-1"]
[Round "08"]
[TimeControl "180+2"]
[Date "2023.05.09"]
[WhiteClock "0:00:00"]
[BlackClock "0:01:36"]

1. c4 e6 2. Nc3 d5 3. cxd5 exd5 4. d4 Nf6 5. Qc2 Be7 6. Bf4 c6 7. e3 O-O 8. Nf3 Bg4 9. Bd3 Nbd7 10. O-O Bxf3 11. gxf3 h6 12. Kh1 Nh5 13. Bg3 Bh4 14. Rg1 Qf6 15. Qe2 Rfe8 16. f4 Bxg3 17. hxg3 g6 18. Kg2 Ng7 19. Rh1 h5 20. g4 hxg4 21. Qxg4 Rad8 22. Rag1 Kf8 23. Rh8+ Ke7 24. Rxe8+ Rxe8 0-1


[Site "https://www.chess.com"]

[Event "Titled Tuesday Blitz May 9 Early 2023"]
[White "Stead, Kerry"]
[Black "Wessendorf, Thomas, Dr."]
[WhiteFideId "3202577"]
[BlackFideId "4604270"]
[WhiteElo "1997"]
[BlackElo "2280"]
[Result "1-0"]
[Round "08"]
[TimeControl "180+2"]
[Date "2023.05.09"]
[WhiteClock "0:00:30"]
[BlackClock "0:00:00"]

1. d4 Nf6 2. f3 c5 3. d5 e6 4. c4 exd5 5. cxd5 d6 6. Nc3 g6 7. e4 Bg7 8. Be3 O-O 9. Qd2 a6 10. a4 Nbd7 11. Bd3 Rb8 12. Nge2 Ne5 13. O-O c4 14. Bc2 b5 15. axb5 axb5 16. Nd4 Bd7 17. h3 b4 18. Nce2 c3 19. bxc3 Nc4 20. Qc1 Nxe3 21. Qxe3 Re8 22. c4 Qb6 23. Kf2 Ra8 24. Rxa8 Rxa8 25. Rb1 Ne8 26. Nf5 Qa5 27. Nxg7 Kxg7 28. Qd2 Rb8 29. Nc1 Nc7 30. Nb3 Qa6 31. Qd4+ f6 32. c5 Nb5 33. Qd3 dxc5 34. Nxc5 Qb6 35. Qe3 Nc3 36. Nxd7 Qxe3+ 37. Kxe3 Nxb1 38. Nxb8 Na3 39. Bb3 Nb5 40. Nc6 Kf7 41. Nxb4 Ke7 42. Nd3 Nc3 43. Kd2 1-0


[Site "https://www.chess.com"]

[Event "Titled Tuesday Blitz May 9 Early 2023"]
[White "Flis, Pawel"]
[Black "Nugumanov, Bakhtiyar"]
[WhiteFideId "1112864"]
[BlackFideId "13701797"]
[WhiteElo "1822"]
[BlackElo "2209"]
[Result "1-0"]
[Round "08"]
[TimeControl "180+2"]
[Date "2023.05.09"]
[WhiteClock "0:00:27"]
[BlackClock "0:00:00"]

1. e4 e6 2. d4 d5 3. Bd3 dxe4 4. Bxe4 Nf6 5. Bf3 c5 6. Ne2 Be7 7. Be3 O-O 8. dxc5 Qc7 9. O-O Nbd7 10. c6 Ne5 11. Nd4 Nxf3+ 12. Qxf3 Nd5 13. Nc3 bxc6 14. Ne4 Bb7 15. c4 Nxe3 16. Qxe3 c5 17. Nf3 Qc6 18. Ng3 Bf6 19. Rab1 Rad8 20. b3 g6 21. Rbd1 Rd4 22. Rxd4 cxd4 23. Qf4 e5 24. Qg4 e4 25. Ng5 Bxg5 26. Qxg5 f5 27. Nh5 Kh8 28. Nf4 d3 29. Nd5 Qe6 30. Qh6 1-0


[Site "https://www.chess.com"]

[Event "Titled Tuesday Blitz May 9 Early 2023"]
[White "Hartikainen, Jarmo"]
[Black "Kiseljova, Marya"]
[WhiteFideId "503134"]
[BlackFideId "4155009"]
[WhiteElo "2088"]
[BlackElo "1831"]
[Result "1/2-1/2"]
[Round "08"]
[TimeControl "180+2"]
[Date "2023.05.09"]
[WhiteClock "0:00:51"]
[BlackClock "0:00:56"]

1. e4 c5 2. c3 Nf6 3. e5 Nd5 4. d4 cxd4 5. Nf3 Nc6 6. cxd4 d6 7. Nc3 dxe5 8. dxe5 Nxc3 9. Qxd8+ Nxd8 10. bxc3 Bg4 11. Be2 Rc8 12. Bd2 Bxf3 13. Bxf3 e6 14. O-O Be7 15. a4 Nc6 16. a5 O-O 17. Rfb1 Nxe5 18. Rxb7 Nxf3+ 19. gxf3 Bc5 20. Be3 Bxe3 21. fxe3 Rxc3 22. Kf2 a6 23. Rb6 Ra8 24. Rab1 g6 25. Rb8+ Rxb8 26. Rxb8+ Kg7 27. Rb6 Rc2+ 28. Kg3 Re2 29. e4 Kf6 30. Rxa6 Ra2 31. Ra7 h5 32. h4 Kg7 33. Kf4 Kf6 34. a6 Ra4 35. Ke3 Ra3+ 36. Kf4 Ra4 37. Ke3 Ra3+ 38. Kf4 Ra4 1/2-1/2


[Site "https://www.chess.com"]

[Event "Titled Tuesday Blitz May 9 Early 2023"]
[White "Torres Dominguez, David"]
[Black "Acikel, Mert"]
[WhiteFideId "2220857"]
[BlackFideId "12956465"]
[WhiteElo "1999"]
[BlackElo "2097"]
[Result "1-0"]
[Round "08"]
[TimeControl "180+2"]
[Date "2023.05.09"]
[WhiteClock "0:00:50"]
[BlackClock "0:00:00"]

1. e4 e5 2. Bc4 Nf6 3. Nc3 Bc5 4. d3 c6 5. f4 exf4 6. Bxf4 d5 7. exd5 cxd5 8. Bb5+ Nc6 9. d4 Bb6 10. Nge2 O-O 11. O-O Nh5 12. Qd2 Nxf4 13. Qxf4 Be6 14. Rad1 h6 15. Ng3 Qg5 16. Qf2 Rac8 17. a3 a6 18. Bxc6 Rxc6 19. Kh1 Rcc8 20. Na4 Ba7 21. Nc5 Bxc5 22. dxc5 Qe7 23. b4 Qc7 24. Nh5 Qe7 25. Rde1 Qg5 26. Nf4 Rce8 27. Nd3 Re7 28. Re5 1-0


[Site "https://www.chess.com"]

[Event "Titled Tuesday Blitz May 9 Early 2023"]
[White "Lakshmi C"]
[Black "Maluco_do_Natal_00"]
[WhiteFideId "25035347"]
[WhiteElo "1942"]
[BlackElo "2020"]
[Result "0-1"]
[Round "08"]
[TimeControl "180+2"]
[Date "2023.05.09"]
[WhiteClock "0:00:00"]
[BlackClock "0:00:02"]

1. e4 c5 2. Nf3 Nc6 3. d4 cxd4 4. Nxd4 Nf6 5. Nc3 e5 6. Ndb5 d6 7. Bg5 a6 8. Na3 b5 9. Nd5 Be7 10. Bxf6 Bxf6 11. c3 O-O 12. Nc2 Bg5 13. a4 bxa4 14. Rxa4 a5 15. Bc4 Bd7 16. Ra2 Ne7 17. Nce3 Bxe3 18. Nxe3 Bc6 19. Qd3 Qc7 20. O-O Rfd8 21. Nd5 Nxd5 22. Bxd5 Qb7 23. Rd1 g6 24. Qc4 Bxd5 25. Rxd5 Qb6 26. Rb5 Qa7 27. b4 a4 28. Ra5 Qb7 29. R2xa4 Rxa5 30. Rxa5 Kg7 31. Qa6 Qc7 32. Qd3 Rc8 33. Rd5 Qxc3 34. Qxc3 Rxc3 35. g3 Rb3 36. Rb5 Kf6 37. Rb6 Ke6 38. Kg2 h5 39. h4 g5 40. hxg5 Rb2 41. Kf3 Rb3+ 42. Kg2 Rb2 43. Rb8 Rb3 44. Kh3 Rb2 45. f4 exf4 46. gxf4 Rb3+ 47. Kh4 Re3 48. f5+ Ke5 49. Re8+ Kd4 50. g6 fxg6 51. fxg6 Rf3 52. g7 Rf4+ 53. Kg5 Rg4+ 54. Kh6 h4 55. Kh7 h3 56. g8=Q Rxg8 0-1


[Site "https://www.chess.com"]

[Event "Titled Tuesday Blitz May 9 Early 2023"]
[White "KSho99"]
[Black "Panico, Nick"]
[BlackFideId "2026724"]
[WhiteElo "2150"]
[BlackElo "1982"]
[Result "1-0"]
[Round "08"]
[TimeControl "180+2"]
[Date "2023.05.09"]
[WhiteClock "0:00:43"]
[BlackClock "0:00:42"]

1. Nf3 f5 2. d3 d6 3. e4 e5 4. Nc3 Nf6 5. g3 Nc6 6. Bg2 Be7 7. O-O O-O 8. Re1 fxe4 9. dxe4 Bg4 10. h3 Bh5 11. a3 Qd7 12. Qd3 Bxf3 13. Qxf3 Nd4 14. Qd1 c6 15. Be3 Ne6 16. h4 h5 17. Bh3 Rae8 18. Bg5 Bd8 19. Bxf6 Rxf6 20. Qxh5 Ref8 21. Re2 Rh6 22. Qg4 Qf7 23. Rf1 Nd4 24. Re3 Rg6 25. Qd1 Bxh4 26. Bg2 Bg5 27. f4 exf4 28. Qxd4 Qd7 29. gxf4 Bxf4 30. Ref3 Qg4 31. Qf2 Rh6 32. Rxf4 1-0


[Site "https://www.chess.com"]

[Event "Titled Tuesday Blitz May 9 Early 2023"]
[White "Nastase, Robert-Paul"]
[Black "Vargas, Mauricio"]
[WhiteFideId "1221175"]
[BlackFideId "4404572"]
[WhiteElo "2175"]
[BlackElo "1986"]
[Result "1-0"]
[Round "08"]
[TimeControl "180+2"]
[Date "2023.05.09"]
[WhiteClock "0:00:24"]
[BlackClock "0:00:00"]

1. e4 c5 2. Nc3 Nc6 3. Bb5 Nd4 4. Nf3 Nxb5 5. Nxb5 c4 6. O-O a6 7. Nc3 b5 8. d3 cxd3 9. Qxd3 Bb7 10. Be3 d6 11. a4 b4 12. Nd5 e6 13. Bb6 Qd7 14. Nc7+ Ke7 15. Nxa8 Bxa8 16. Rfd1 Bb7 17. Qc4 Nf6 18. Ne5 Qc8 19. Qxb4 Nxe4 20. f3 Nc5 21. Bxc5 Qxc5+ 22. Qxc5 dxc5 23. Rd7+ Ke8 24. Rxb7 f6 25. Nc6 e5 26. Rd1 1-0


[Site "https://www.chess.com"]

[Event "Titled Tuesday Blitz May 9 Early 2023"]
[White "Ciuffoletti, Paolo"]
[Black "Larina, Maria"]
[WhiteFideId "807630"]
[BlackFideId "24113182"]
[WhiteElo "2143"]
[BlackElo "1848"]
[Result "1-0"]
[Round "08"]
[TimeControl "180+2"]
[Date "2023.05.09"]
[WhiteClock "0:02:00"]
[BlackClock "0:01:49"]

1. e4 c6 2. d4 d5 3. exd5 cxd5 4. c4 Nf6 5. Nc3 g6 6. Qb3 Nc6 7. cxd5 Nb8 8. Bb5+ Bd7 9. Bxd7+ Qxd7 10. Nf3 a6 11. Ne5 Qd6 12. Qxb7 1-0


[Site "https://www.chess.com"]

[Event "Titled Tuesday Blitz May 9 Early 2023"]
[White "Necula, Iulian"]
[Black "Fakhretdinova, Margarita"]
[WhiteFideId "1232380"]
[BlackFideId "24103667"]
[WhiteElo "1790"]
[BlackElo "2167"]
[Result "1-0"]
[Round "08"]
[TimeControl "180+2"]
[Date "2023.05.09"]
[WhiteClock "0:00:07"]
[BlackClock "0:00:02"]

1. d4 Nf6 2. Nc3 d6 3. Bf4 Nbd7 4. e3 e5 5. dxe5 dxe5 6. Bg3 Bb4 7. Qd3 Qe7 8. O-O-O O-O 9. Bh4 Qc5 10. Na4 Qa5 11. Qb3 Ne4 12. Rd5 b5 13. Rxb5 Qxb5 14. Bxb5 Bd6 15. f3 Ndc5 16. Nxc5 Nxc5 17. Qd5 Be6 18. Qd2 Rab8 19. c4 a6 20. Bc6 Bxc4 21. b3 Bxb3 22. Bd5 Bxd5 23. Qxd5 Na4 24. Qc4 Rb4 25. Qc2 Rxh4 26. Ne2 Rb8 27. g3 Rhb4 28. a3 Rb2 29. Qxa4 Rb1+ 30. Kd2 Rxh1 31. Nc3 Rxh2+ 32. Kd3 h6 33. Qxa6 f5 34. a4 Rbb2 35. Kc4 Rhd2 36. Qc8+ Kf7 37. Qxf5+ Ke8 38. Qc8+ Kf7 39. Qf5+ Kg8 40. Qe6+ Kf8 41. Qc8+ Kf7 42. Qd7+ Kg8 43. Nd5 Rbc2+ 44. Kb5 Rb2+ 45. Ka6 Ra2 46. Kb7 Rdb2+ 47. Kc8 Ra3 48. Ne7+ Kh8 49. Qe8+ Kh7 50. Qg6+ Kh8 51. Qe8+ Kh7 52. Qg6+ Kh8 53. Nf5 Bf8 54. Qe8 Kg8 55. Ne7+ Kh7 56. Qxf8 h5 57. Nf5 Rb8+ 58. Kxc7 Rab3 59. Qxg7# 1-0


[Site "https://www.chess.com"]

[Event "Titled Tuesday Blitz May 9 Early 2023"]
[White "Sadovsky, Artem"]
[Black "Srebrnic, Ana"]
[WhiteFideId "4155840"]
[BlackFideId "14603314"]
[WhiteElo "2314"]
[BlackElo "2181"]
[Result "1-0"]
[Round "08"]
[TimeControl "180+2"]
[Date "2023.05.09"]
[WhiteClock "0:00:55"]
[BlackClock "0:00:26"]

1. Nf3 Nf6 2. e3 d5 3. c4 e6 4. b3 Be7 5. Bb2 O-O 6. Be2 c6 7. O-O Nbd7 8. d3 Re8 9. Nbd2 Nf8 10. Qc2 Ng6 11. Rfd1 Qc7 12. e4 dxe4 13. Nxe4 Nxe4 14. dxe4 Rd8 15. Rxd8+ Bxd8 16. Rd1 Be7 17. Qc3 Bf8 18. e5 Nf4 19. Bf1 Bd7 20. Qd2 Ng6 21. Qxd7 Qb6 22. Qd4 Qc7 23. c5 Ne7 24. Qd6 Qa5 25. Qd2 Qc7 26. Bc4 Nd5 27. Bxd5 cxd5 28. Bd4 Rc8 29. b4 Qc6 30. Qc2 a6 31. Ng5 g6 32. a4 Bh6 33. Nf3 Bg7 34. Qb3 h5 35. b5 Qc7 36. Rc1 Bh6 37. Rc2 Qa5 38. c6 g5 39. cxb7 Rb8 40. Rc8+ Kg7 41. Rxb8 g4 42. Rg8+ Kxg8 43. b8=Q+ Kg7 44. Bc3 1-0


[Site "https://www.chess.com"]

[Event "Titled Tuesday Blitz May 9 Early 2023"]
[White "Brueckner, Thomas"]
[Black "Butti, Enrique"]
[WhiteFideId "4600452"]
[BlackFideId "3700470"]
[WhiteElo "2322"]
[BlackElo "2080"]
[Result "1-0"]
[Round "08"]
[TimeControl "180+2"]
[Date "2023.05.09"]
[WhiteClock "0:00:40"]
[BlackClock "0:00:55"]

1. Nf3 c5 2. c4 Nf6 3. g3 b6 4. Bg2 Bb7 5. O-O e6 6. b3 Be7 7. Bb2 O-O 8. e3 d5 9. cxd5 Nxd5 10. d4 Bf6 11. Nc3 Nxc3 12. Bxc3 Nc6 13. Rc1 cxd4 14. Nxd4 Bxd4 15. Bxd4 Rc8 16. Bc3 Qe7 17. Qe2 Nb8 18. e4 Rfd8 19. Qb2 f6 20. Rfd1 Nd7 21. b4 e5 22. Qb3+ Kh8 23. Bd2 Nf8 24. Be3 Ne6 25. Rxc8 Rxc8 26. Bh3 Rc6 27. b5 Nc5 28. bxc6 Nxb3 29. cxb7 1-0


[Site "https://www.chess.com"]

[Event "Titled Tuesday Blitz May 9 Early 2023"]
[White "Nakamura, Hikaru"]
[Black "Carlsen, Magnus"]
[WhiteFideId "2016192"]
[BlackFideId "1503014"]
[WhiteElo "2885"]
[BlackElo "2852"]
[Result "0-1"]
[Round "09"]
[TimeControl "180+2"]
[Date "2023.05.09"]
[WhiteClock "0:00:00"]
[BlackClock "0:00:02"]

1. a3 a6 2. c4 g6 3. d4 Bg7 4. Nc3 d6 5. e4 Nf6 6. Nf3 O-O 7. Be2 c5 8. O-O Re8 9. Re1 cxd4 10. Nxd4 b6 11. Bf3 Ra7 12. Be3 Bb7 13. b4 Nbd7 14. Rc1 Ra8 15. Nd5 e6 16. Nxf6+ Bxf6 17. g3 Rc8 18. Bg2 Bg7 19. Qb3 Ne5 20. h3 Qc7 21. Nf3 Nxc4 22. Bxb6 Qxb6 23. Rxc4 Rxc4 24. Qxc4 Rc8 25. Qe2 Rc3 26. Nd2 Qc7 27. Nb1 Rc2 28. Qd3 h5 29. h4 Rb2 30. Rd1 Qc2 31. Qxc2 Rxc2 32. Bf3 Be5 33. Kg2 Bc6 34. Nd2 Bd4 35. Kh3 Bxf2 36. Bg2 Rc3 37. Bf3 Ba4 38. Rf1 Be3 39. Nb1 Rb3 40. Be2 Bd4 41. Nd2 Rxa3 42. Bxa6 Bc2 43. b5 Ra2 44. Re1 Bd3 45. Nf3 Bf2 46. Rc1 Bxe4 47. b6 Bf5+ 48. Kg2 Bxb6+ 49. Kh1 Be4 50. Rf1 Bf2 51. Kg2 Bc5+ 52. Kh3 Bxf3 53. Rxf3 Rxa6 0-1


[Site "https://www.chess.com"]

[Event "Titled Tuesday Blitz May 9 Early 2023"]
[White "Bortnyk, Olexandr"]
[Black "Bluebaum, Matthias"]
[WhiteFideId "14120828"]
[BlackFideId "24651516"]
[WhiteElo "2734"]
[BlackElo "2639"]
[Result "0-1"]
[Round "09"]
[TimeControl "180+2"]
[Date "2023.05.09"]
[WhiteClock "0:00:03"]
[BlackClock "0:00:32"]

1. d4 d5 2. Nc3 e6 3. Bf4 c5 4. e3 a6 5. Nf3 Nc6 6. a3 Bd6 7. dxc5 Bxc5 8. Bd3 f6 9. e4 d4 10. Ne2 e5 11. Bd2 Be6 12. Ng3 Nge7 13. O-O O-O 14. Nh4 Rc8 15. h3 Qd7 16. Ngf5 Nxf5 17. exf5 Bd5 18. Qg4 Rfe8 19. Rae1 Qf7 20. Re2 h5 21. Qg3 e4 22. b4 Bf8 23. b5 exd3 24. Rxe8 Rxe8 25. bxc6 dxc2 26. cxb7 Bxb7 27. Nf3 Qd7 28. Nh4 Be4 29. Re1 d3 30. Qf4 Bd6 31. Qe3 Bc6 32. Qxe8+ Qxe8 33. Rxe8+ Bxe8 34. Bc1 d2 35. Bxd2 Bxa3 36. g4 c1=Q+ 37. Bxc1 Bxc1 38. Nf3 a5 0-1


[Site "https://www.chess.com"]

[Event "Titled Tuesday Blitz May 9 Early 2023"]
[White "Sokolovsky, Yahli"]
[Black "Terry, Renato"]
[WhiteFideId "2820242"]
[BlackFideId "3803457"]
[WhiteElo "2389"]
[BlackElo "2575"]
[Result "1/2-1/2"]
[Round "09"]
[TimeControl "180+2"]
[Date "2023.05.09"]
[WhiteClock "0:00:06"]
[BlackClock "0:00:13"]

1. b3 d5 2. Bb2 Bg4 3. h3 Bh5 4. Nf3 Nd7 5. e3 c6 6. d4 Ngf6 7. Be2 e6 8. Nbd2 Bd6 9. Ne5 Bxe2 10. Qxe2 O-O 11. O-O Qe7 12. f4 Ba3 13. Bxa3 Qxa3 14. c4 c5 15. cxd5 exd5 16. Nxd7 Nxd7 17. Nf3 cxd4 18. Nxd4 Nf6 19. Nf5 Rfe8 20. Rad1 g6 21. Nh6+ Kg7 22. f5 Qc5 23. fxg6 fxg6 24. Rxf6 Kxh6 25. Kh1 Qxe3 26. Qg4 Kg7 27. Rf3 Qe5 28. Qd7+ Re7 29. Qxd5 Qxd5 30. Rxd5 Rc8 31. Rfd3 Rcc7 32. Kh2 a6 33. a4 h5 34. h4 Rc6 35. Rd7 Re6 36. Rxe7+ Rxe7 37. Rd6 Re4 38. Rb6 Rxh4+ 39. Kg1 Rd4 40. Rxb7+ Kh6 41. Rb6 Rd3 42. a5 h4 43. Kf2 Kh5 44. Ke2 Rc3 45. b4 Rb3 46. Rxa6 Rxb4 47. Ra8 Kg4 48. a6 Rb2+ 49. Kf1 Ra2 50. a7 g5 51. Ke1 Ra4 52. Ke2 Ra5 53. Ke3 Ra2 54. Ke4 Ra4+ 55. Ke3 Ra5 56. Ke4 Kg3 57. Rg8 Rxa7 58. Rxg5+ Kf2 59. Rg4 Ra5 60. Kf4 Rh5 61. Rg5 Rh7 62. Kg4 Kxg2 63. Rb5 h3 64. Rb2+ Kf1 65. Rb1+ Kf2 66. Rb2+ Kg1 67. Rb1+ Kf2 68. Rb2+ Kf1 69. Rb1+ Ke2 70. Rb2+ Ke3 71. Rb3+ Ke4 72. Rxh3 Rg7+ 73. Kh5 Kf4 74. Kh6 Rg8 75. Kh7 Rc8 76. Rh1 Rc6 77. Rf1+ Kg5 78. Rg1+ Kf5 79. Rf1+ Kg5 80. Rg1+ Kf5 81. Rf1+ Kg5 1/2-1/2


[Site "https://www.chess.com"]

[Event "Titled Tuesday Blitz May 9 Early 2023"]
[White "Kollars, Dmitrij"]
[Black "Matlakov, Maxim"]
[WhiteFideId "12909572"]
[BlackFideId "4168003"]
[WhiteElo "2584"]
[BlackElo "2666"]
[Result "1/2-1/2"]
[Round "09"]
[TimeControl "180+2"]
[Date "2023.05.09"]
[WhiteClock "0:00:05"]
[BlackClock "0:00:06"]

1. e4 c5 2. Nf3 d6 3. d4 cxd4 4. Nxd4 Nf6 5. Nc3 a6 6. f4 e5 7. Nb3 Be7 8. fxe5 dxe5 9. Qxd8+ Bxd8 10. Be3 O-O 11. Be2 Nc6 12. O-O-O b5 13. Bf3 Re8 14. a3 h6 15. h3 Rb8 16. Rd6 Na5 17. Nxa5 Bxa5 18. b4 Bc7 19. Rc6 Bd8 20. Rd1 Bb7 21. Rcd6 Be7 22. R6d3 Rbc8 23. Kb2 Rc4 24. R3d2 Rec8 25. Nd5 Nxd5 26. exd5 e4 27. Bg4 Rd8 28. Bb6 Rf8 29. d6 Bd8 30. Bxd8 Rxd8 31. Rd4 Rxd4 32. Rxd4 g6 33. a4 Bc6 34. Be2 Kf8 35. axb5 axb5 36. c4 bxc4 37. Bxc4 f5 38. b5 Bb7 39. Kc3 f4 40. Bd5 Rc8+ 41. Kd2 e3+ 42. Kd3 Bxd5 43. Rxd5 Rb8 44. h4 Kf7 45. d7 Ke7 46. g3 g5 47. hxg5 hxg5 48. Rxg5 fxg3 49. Rg7+ Kd6 50. Kxe3 Kc7 51. b6+ Kxb6 52. d8=Q+ Rxd8 53. Kf3 Rd6 54. Rxg3 Rd3+ 55. Kg2 Rxg3+ 56. Kxg3 1/2-1/2


[Site "https://www.chess.com"]

[Event "Titled Tuesday Blitz May 9 Early 2023"]
[White "Zhigalko, Sergei"]
[Black "Nguyen, Ngoc Truong Son"]
[WhiteFideId "13502956"]
[BlackFideId "12401110"]
[WhiteElo "2626"]
[BlackElo "2556"]
[Result "1/2-1/2"]
[Round "09"]
[TimeControl "180+2"]
[Date "2023.05.09"]
[WhiteClock "0:00:04"]
[BlackClock "0:00:10"]

1. e4 c5 2. Nf3 Nc6 3. c3 Nf6 4. e5 Nd5 5. Bc4 Nb6 6. Bb3 c4 7. Bc2 d6 8. exd6 Qxd6 9. O-O g6 10. b3 Bg4 11. Re1 cxb3 12. axb3 Bg7 13. h3 Bxf3 14. Qxf3 O-O 15. Na3 Rfe8 16. Nc4 Qd7 17. d4 Nd5 18. Be4 e6 19. Ba3 Bf8 20. Bxf8 Rxf8 21. Ne5 Qd6 22. Bxd5 exd5 23. Ng4 Kg7 24. Qe3 h5 25. Qh6+ Kg8 26. Ne5 Rfe8 27. f4 Qf8 28. Qg5 Kg7 29. f5 Qd6 30. fxg6 fxg6 31. Re3 Nxe5 32. dxe5 Qe7 33. Qg3 a6 34. e6 Rf8 35. Qe5+ Qf6 36. e7 Rfe8 37. Qxd5 Rxe7 38. Rxe7+ Qxe7 39. Rf1 Rf8 40. Qd4+ Kh7 41. Rxf8 Qxf8 42. Qd7+ Kh6 43. Qxb7 Qc5+ 44. Kh1 Qxc3 45. Qxa6 Qc1+ 46. Kh2 Qf4+ 47. Kh1 Qc1+ 48. Kh2 Qf4+ 49. Kh1 Qc1+ 1/2-1/2


[Site "https://www.chess.com"]

[Event "Titled Tuesday Blitz May 9 Early 2023"]
[White "Kramnik, Vladimir"]
[Black "Beerdsen, Thomas"]
[WhiteFideId "4101588"]
[BlackFideId "1030108"]
[WhiteElo "2703"]
[BlackElo "2549"]
[Result "1-0"]
[Round "09"]
[TimeControl "180+2"]
[Date "2023.05.09"]
[WhiteClock "0:02:10"]
[BlackClock "0:01:06"]

1. e4 e5 2. Nf3 Nc6 3. g3 Nf6 4. d3 d5 5. exd5 Nxd5 6. Bg2 Be7 7. O-O O-O 8. Re1 f6 9. c3 Nb6 10. d4 exd4 11. Nxd4 Nxd4 12. cxd4 Bd6 13. Nc3 c6 14. a4 a5 15. d5 Kh8 16. dxc6 bxc6 17. Bxc6 Rb8 18. Nb5 Bb4 19. Qxd8 Rxd8 20. Bf4 1-0


[Site "https://www.chess.com"]

[Event "Titled Tuesday Blitz May 9 Early 2023"]
[White "Orozbaev, Eldiar"]
[Black "Lenderman, Aleksandr"]
[WhiteFideId "13802240"]
[BlackFideId "2021285"]
[WhiteElo "2201"]
[BlackElo "2607"]
[Result "1/2-1/2"]
[Round "09"]
[TimeControl "180+2"]
[Date "2023.05.09"]
[WhiteClock "0:00:59"]
[BlackClock "0:01:03"]

1. e4 e6 2. d4 d5 3. Nc3 dxe4 4. Nxe4 Nd7 5. Nf3 Ngf6 6. Bd3 c5 7. O-O Nxe4 8. Bxe4 Nf6 9. Bd3 cxd4 10. Nxd4 Bc5 11. Nf3 O-O 12. Bg5 Qc7 13. Bxf6 gxf6 14. Nh4 f5 15. Qh5 Qf4 16. Nf3 Qg4 17. Qxg4+ fxg4 18. Ne5 f5 19. Bc4 Bd4 20. Nd3 Kf7 21. Rfe1 Kf6 22. c3 Bb6 23. Re2 Bd7 24. Rae1 Rae8 25. Nf4 Kg5 26. Nxe6+ Bxe6 27. Rxe6 Rxe6 28. Rxe6 Rd8 29. g3 Rd2 30. Re2 Rxe2 31. Bxe2 f4 32. Bd3 h5 33. Be4 h4 34. Kf1 fxg3 35. fxg3 hxg3 36. hxg3 Bc7 37. Bxb7 Bxg3 38. c4 Bd6 39. a3 a5 40. Ke2 Kf4 41. Kd3 g3 42. Kc2 a4 43. b4 axb3+ 44. Kxb3 Ke3 45. a4 Kd4 46. a5 Kc5 47. Bg2 Bc7 48. a6 Kb6 1/2-1/2


[Site "https://www.chess.com"]

[Event "Titled Tuesday Blitz May 9 Early 2023"]
[White "Prohaszka, Peter"]
[Black "demon64fields"]
[WhiteFideId "726265"]
[WhiteElo "2626"]
[BlackElo "2914"]
[Result "0-1"]
[Round "09"]
[TimeControl "180+2"]
[Date "2023.05.09"]
[WhiteClock "0:00:00"]
[BlackClock "0:01:04"]

1. d4 g6 2. Nf3 Bg7 3. c3 Nf6 4. Bg5 O-O 5. Nbd2 d5 6. e3 c5 7. Be2 Qb6 8. Qc1 Nc6 9. O-O Bf5 10. a4 Rfc8 11. a5 Nxa5 12. dxc5 Qd8 13. b4 Nc6 14. Nd4 h6 15. Bxf6 Bxf6 16. Nxf5 gxf5 17. Nb3 a5 18. b5 Ne5 19. Ra4 Nd7 20. e4 fxe4 21. Qxh6 Nxc5 22. Nxc5 Rxc5 23. Rd1 Qc7 24. g3 Qe5 25. Rad4 e6 26. f4 Bg7 27. Qh3 Qf6 28. c4 Qxd4+ 29. Rxd4 Bxd4+ 30. Kg2 dxc4 31. Qg4+ Bg7 32. Bd1 c3 33. Bc2 Rd8 34. Bxe4 c2 35. Bxc2 Rxc2+ 0-1


[Site "https://www.chess.com"]